AoeStats
← Hagen

Arabia

508858898Analyzed
1v1 RM · 9d ago on Sep 24, 2026· 32m 17s· 2 players
Game mode
Random Map
Map size
Tiny (2 player)
Population
200
Speed
Normal
Resources
Standard
Victory
Conquest
Starting age
Dark Age
Ending age
Imperial Age
RankedLock teamsTeams togetherTeam positionsShared explorationLock speedFull tech treeHidden civsTurbo modeCheats
Victory
Defeat
🇵🇹 Mongols · Portugal
1131
+17
🇩🇪 Japanese · Germany
1149
-17
bixo
4:54 Loom
9:29 Feudal Age
10:53 Double-Bit Axe
20:33 Castle Age
18:47 Horse Collar
19:32 Fletching
21:01 Light Cavalry
21:52 Bloodlines
22:17 Bow Saw
23:42 Forging
26:09 Bodkin Arrow
29:26 Wheelbarrow
28:37 Town Watch
29:02 Padded Archer Armor
Hagen
7:51 Loom
9:44 Feudal Age
19:19 Castle Age
17:48 Double-Bit Axe
21:57 Bow Saw
29:57 Pikeman
30:37 Squires
Connection lost

Rejoining the realm…

Still unreachable

The connection could not be restored.

Session expired

The server has moved on; the page needs a fresh start.